 Dungeon Crawl Stone Soup version 0.29.0-5-ge4962eb29e (webtiles) character file.

Game seed: 12475466158371275440

3182 concernfroge the Fighter (level 9, -7/78 HPs)
             Began as a Mummy Monk on Aug 28, 2022.
             Was a Believer of Okawaru.
             Mangled by a sun demon (28 damage)
             ... summoned by a kobold demonologist
             ... on level 9 of the Dungeon.
             The game lasted 00:28:03 (8125 turns).

concernfroge the Fighter (Mummy Monk)               Turns: 8125, Time: 00:28:04

Health: -7/78      AC: 26    Str: 19    XL:     9   Next: 64%
Magic:  10/10      EV:  5    Int:  4    God:    Okawaru [**....]
Gold:   396        SH: 13    Dex: 16    Spells: 8/8 levels left

rFire   x . .      SeeInvis +   v - +2 hammer (vorpal)
rCold   + . .      Faith    +   m - +0 tower shield
rNeg    + + +      Spirit   .   d - +8 chain mail "Deutiabo" {Rampage rN++ Int-5 Dex+2}
rPois   ∞          Reflect  .   l - +2 helmet
rElec   .          Harm     .   a - +2 cloak
rCorr   .          Rampage  +   (no gloves)
Will    +....                   y - +2 pair of boots
Stlth   ..........              h - amulet of faith
HPRegen 0.23/turn               f - ring of see invisible
MPRegen 0.12/turn               (no ring)

@: slowed, very slow
A: cold resistance 1, negative energy resistance 3, torment resistance 2, heat
vulnerability 1, in touch with death 1, no potions
a: Renounce Religion, Heroism


You were on level 9 of the Dungeon.
You worshipped Okawaru.
Okawaru was pleased with you.
You visited 2 branches of the dungeon, and saw 10 of its levels.

You collected 396 gold pieces.

Inventory:

Hand Weapons
 v - a +2 vorpal hammer (weapon)
Missiles
 i - 7 poisoned darts (quivered)
 r - 10 boomerangs
 x - a curare-tipped dart
Armour
 a - a +2 cloak (worn)
 d - the +8 chain mail "Deutiabo" (worn) {Rampage rN++ Int-5 Dex+2}
   (You found it on level 7 of the Dungeon)

   Int:       It affects your intelligence (-5).
   Dex:       It affects your dexterity (+2).
   rN:        It greatly protects you from negative energy.
   Rampage:   It bestows one free step when moving towards enemies.
 l - a +2 helmet (worn)
 m - a +0 tower shield (worn)
 y - a +2 pair of boots (worn)
Jewellery
 f - a ring of see invisible (left hand)
 h - an amulet of faith (around neck)
Wands
 j - a wand of digging (5)
 n - a wand of quicksilver (19)
Scrolls
 b - a scroll of fear {unknown}
 c - a scroll of enchant armour
 k - a scroll of torment {unknown}
 o - 5 scrolls of blinking
 p - 3 scrolls of noise {unknown}
 q - a scroll of amnesia {unknown}
 s - a scroll of immolation {unknown}
 t - 2 scrolls of acquirement {unknown}
 w - a scroll of magic mapping {unknown}


   Skills:
 - Level 10.0 Fighting
 - Level 2.4 Polearms
 - Level 4.0 Armour
 - Level 4.0 Dodging
 - Level 1.5 Stealth
 - Level 4.0 Shields
 - Level 2.0 Invocations
 + Level 3.9 Evocations


You had 8 spell levels left.
You didn't know any spells.
Your spell library contained the following spells:

 Spells                   Type           Power      Damage    Failure   Level
 Passage of Golubria      Tloc           0%         N/A       100%        4
 Petrify                  Tmut/Erth      0%         N/A       100%        4
 Irradiate                Conj/Tmut      0%         3d11      100%        5
 Silence                  Hex/Air        0%         N/A       100%        5
 Lehudib's Crystal Spear  Conj/Erth      0%         10d2      100%        8
 Sublimation of Blood     Necr           Unusable   N/A       N/A         2

Dungeon Overview and Level Annotations

Branches:
Dungeon (9/15)             Temple (1/1) D:4
   Lair: D:8-11         Orc: D:9-12

Altars:
Ashenzari
Cheibriados
Dithmenos
Gozag
Kikubaaqudgha
Makhleb
Nemelex Xobeh
Okawaru
Qazlal
Sif Muna
Trog
Uskayaw
Vehumet
Wu Jian
Xom
Yredelemnul

Shops:
D:4 :   D:7 :


Innate Abilities, Weirdness & Mutations

You are immune to poison.
Your flesh is cold resistant. (rC+)
You are immune to negative energy. (rN+++)
You are immune to unholy pain and torment.
You are vulnerable to heat. (rF-)
You are in touch with the powers of death.
You do not drink.


Message History

The crimson imp hits you but does no damage.
You feel like a meek peon again.
The troll is engulfed in poison gas.
The troll looks as sick as possible!
The quasit attacks as you move away! You block the quasit's attack.
The quasit claws you but does no damage. x2
The troll is engulfed in poison gas.
The troll looks as sick as possible!
You block the quasit's attack.
The quasit claws you but does no damage.
You block the quasit's attack. You block the wraith's attack.
The troll is engulfed in poison gas.
The troll looks as sick as possible!
A yak comes into view.
The crimson imp hits you but does no damage.
The quasit attacks as you move away! You block the quasit's attack. x3
The wraith attacks as you move away! The wraith hits you but does no damage.
The rust devil disappears in a puff of smoke!
The troll is engulfed in poison gas.
The troll looks as sick as possible!
The quasit bites you but does no damage.
The quasit claws you.
The quasit claws you but does no damage.
You hit the wraith but do no damage.
The wraith is moderately damaged.
The ufetubus disappears in a puff of smoke!
You block the quasit's attack. x3; The sun demon completely misses you.
The troll is engulfed in poison gas.
The troll looks as sick as possible!
The wraith hits you but does no damage.
The quasit bites you but does no damage.
The quasit claws you but does no damage. x2
The sun demon hits you.
You are engulfed in flames!!
The fire burns you terribly!
The troll is engulfed in poison gas.
The troll looks as sick as possible!
The wraith closely misses you.
The quasit bites you but does no damage.
The quasit claws you but does no damage.
You block the quasit's attack.
The white imp picks up a beetle and eats it.
The wraith hits you. The wraith drains your vigour!
You feel as though you will be slow longer.
The sun demon hits you!
* * * LOW HITPOINT WARNING * * *
You are engulfed in flames!!
The fire burns you terribly!
You die...

....Y......Yo.........~
.....°.°☼○Y☼°☼○.........
.....☼.°○☼K.°°○.........
.....°..☼..§°○.........
.....§☼○5☼○°○.☼.......
#....°°○☼°○.°........
.#.....5T5.§§°☼......
#....○3W55§.☼☼......
#.#...@##.........
#.#.#.###....... ##...##
#.##... #### ..#... ..#
.# #.


You could see a sun demon (summoned), a yak, a troll (extremely poisoned), a
wraith, a kobold brigand, an iron imp (summoned), a quasit (summoned), a crimson
imp (summoned), a white imp (summoned) and a shadow imp (summoned).

Vanquished Creatures
  A vampire (D:8)
  7 yaks
  A steam dragon (D:7)
  A water moccasin (D:7)
  A black bear (D:4)
  2 ice beasts
  2 ogres
  A centaur (D:8)
  A kobold brigand (D:8)
  2 scorpions
  5 wights (D:7)
  5 killer bees
  A howler monkey (D:8)
  3 hounds
  4 jellies
  3 orc priests (D:7)
  Crazy Yiuf (D:7)
  An orc wizard (D:7)
  7 gnolls
  6 adders
  2 shadow imps
  4 white imps
  4 worms
  A dart slug (D:1)
  15 orcs
  8 ball pythons
  An endoplasm (D:4)
  4 giant cockroaches
  5 hobgoblins
  2 jackals (D:3)
  2 quokkas (D:1)
  5 bats
  3 frilled lizards
  4 goblins
  15 kobolds
  3 rats
133 creatures vanquished.

Vanquished Creatures (others)
  A gnoll (D:8)
  A fungus (D:5)
2 creatures vanquished.

Grand Total: 135 creatures vanquished

Notes
Turn   | Place    | Note
-------+----------+-------------------------------------------
     0 | D:1      | concernfroge the Mummy Monk began the quest for the Orb.
     0 | D:1      | Reached XP level 1. HP: 18/18 MP: 1/1
   351 | D:1      | Reached XP level 2. HP: 13/24 MP: 2/2
   973 | D:2      | Found a shimmering blue altar of Sif Muna.
   988 | D:1      | Reached skill level 4 in Fighting
  1002 | D:1      | Gained mutation: You are in touch with the powers of death.
                  | [Mummy growth]
  1002 | D:1      | Reached XP level 3. HP: 7/30 MP: 3/3
  1404 | D:2      | Reached skill level 5 in Fighting
  1404 | D:2      | Reached XP level 4. HP: 37/39 MP: 4/4
  2313 | D:4      | Found a stormy altar of Qazlal.
  2313 | D:4      | Noticed a black bear
  2321 | D:4      | Killed a black bear
  2322 | D:4      | Reached skill level 6 in Fighting
  2322 | D:4      | Reached XP level 5. HP: 46/46 MP: 5/5
  2367 | D:4      | Found an ornate altar of the Wu Jian Council.
  2564 | D:4      | Found a staircase to the Ecumenical Temple.
  2591 | Temple   | Entered the Ecumenical Temple
  2814 | D:4      | Found Daalosan's Book Shop.
  2833 | D:4      | Reached XP level 6. HP: 53/53 MP: 6/6
  3441 | D:5      | Entered Level 5 of the Dungeon
  3499 | D:5      | Found a snail-covered altar of Cheibriados.
  3515 | D:5      | Reached skill level 7 in Fighting
  4496 | D:6      | Found an opulent altar of Gozag.
  4499 | D:6      | Identified the ring "Huidaitu" {*Slow rElec Str-4 Dex+6
                  | Slay+5}
  4562 | D:6      | Noticed an ice beast
  4571 | D:6      | Killed an ice beast
  4572 | D:6      | Reached skill level 8 in Fighting
  4572 | D:6      | Reached XP level 7. HP: 27/62 MP: 7/7
  4967 | D:6      | Found a bloodstained altar of Trog.
  5231 | D:7      | Reached skill level 9 in Fighting
  5379 | D:7      | Identified the +8 chain mail "Deutiabo" {Rampage rN++ Int-5
                  | Dex+2}
  5617 | D:7      | Reached XP level 8. HP: 66/72 MP: 8/8
  5621 | D:7      | Reached skill level 10 in Fighting
  5881 | D:7      | Found Lyppebum's Tremendous Tomes.
  6092 | D:7      | Reached skill level 1 in Shields
  6523 | D:7      | Found a runed translucent door.
  6524 | D:7      | Noticed Crazy Yiuf
  6534 | D:7      | Killed Crazy Yiuf
  6655 | D:8      | Reached skill level 1 in Armour
  6913 | D:8      | Reached XP level 9. HP: 76/78 MP: 9/9
  6951 | D:8      | Found an iron altar of Okawaru.
  6960 | D:8      | Became a worshipper of Warmaster Okawaru
  6960 | D:8      | Reached * piety under Okawaru
  6960 | D:8      | Reached ** piety under Okawaru
  7306 | D:8      | Reached skill level 1 in Invocations
  7706 | D:8      | Reached skill level 1 in Evocations
  8098 | D:9      | Noticed a kobold demonologist
  8098 | D:9      | Noticed a kobold demonologist
  8098 | D:9      | Noticed a kobold demonologist
  8098 | D:9      | Noticed a kobold demonologist
  8110 | D:9      | Noticed a rust devil
  8116 | D:9      | Noticed a sun demon
  8117 | D:9      | Noticed a hellwing
  8118 | D:9      | Noticed a troll
  8125 | D:9      | Mangled by a sun demon

Illustrated notes

Levels and vault maps discovered:
D:1:      noname_arrival_rooms_in_the_neighbourhood, layout_basic,
          minmay_misc_feat_hallway, grunt_decor_cap
D:2:      layout_rooms, basic_altar
D:3:      layout_basic
D:4:      layout_loops_corners, mainiacjoe_overflow_alcove_4,
          nicolae_qazlal_eye_of_the_storm, minmay_temple_entry_overgrown,
          serial_shops, nicolae_stop_n_shop_1
D:5:      layout_loops_ring, mainiacjoe_overflow_boulevard
D:6:      layout_basic, mainiacjoe_overflow_six_doors_small,
          nicolae_overflow_squiral
D:7:      layout_basic, nicolae_shop_i_like_big_books, uniq_crazy_yiuf_cottage
D:8:      layout_cave_pods, mainiacjoe_overflow_chevrons, tso_oasis_becter
D:9:      layout_big_octagon, nicolae_hepliaklqana_hazy_memory,
          fedhas_ov_isle_minmay, minmay_statues_item
Temple:   minmay_temple_curvy_loop

Skill      XL: |  1  2  3  4  5  6  7  8  9 |
---------------+----------------------------+-----
Fighting       | 4 5 6 8 9 10 | 10.0
Dodging        | 4 |  4.0
Shields        | 4 |  4.0
Armour         | 2 4 |  4.0
Invocations    | 2 |  2.0
Evocations     | 3 |  3.9
Polearms       | |  2.4
Stealth        | |  1.5

Action                   |  1- 3 |  4- 6 |  7- 9 || total
-------------------------+-------+-------+-------++-------
Melee: Spear             |   126 |   151 |   178 ||   455
       Punch             |     2 |     1 |       ||     3
       Mace              |       |       |    88 ||    88
Throw: Dart              |       |     4 |    19 ||    23
       Throwing net      |       |     1 |     1 ||     2
       Boomerang         |       |       |     2 ||     2
Invok: Heroism           |       |       |     5 ||     5
Evoke: Wand              |       |     1 |     7 ||     8
  Use: Scroll            |     4 |     3 |     7 ||    14
 Stab: Sleeping          |     1 |     1 |       ||     2
Armor: Robe              |    29 |     3 |       ||    32
       Scale mail        |       |    31 |    29 ||    60
       Chain mail        |       |       |   204 ||   204
Dodge: Dodged            |    67 |    42 |    76 ||   185
Block: Tower shield      |       |       |   208 ||   208
